 Dungeon Crawl Stone Soup version 0.19-a0-1091-g463c9de (webtiles) character file.

98 Jmtri7 the Chopper (level 4, 0/39 HPs)
             Began as a Hill Orc Fighter on Aug 7, 2016.
             Slain by a gnoll
             ... wielding a +0 halberd
              (6 damage)
             ... on level 2 of the Dungeon.
             The game lasted 00:03:13 (1520 turns).

Jmtri7 the Chopper (Hill Orc Fighter)               Turns: 1520, Time: 00:03:13

Health: 0/39       AC:  9    Str: 19    XL:     4   Next: 71%
Magic:  4/4        EV:  7    Int:  8    God:
Gold:   34         SH:  9    Dex: 10    Spells: 0 memorised, 3 levels left

rFire  . . .     SeeInvis +     a - +0 war axe
rCold  . . .     Gourm    .     b - +0 scale mail
rNeg   . . .     Faith    .     c - +0 shield
rPois  .         Spirit   .     (no helmet)
rElec  .         Dismiss  .     s - +0 cloak
rCorr  +         Reflect  .     t - +0 pair of gloves
SustAt .         Harm     .     (no boots)
MR     .....                    (no amulet)
Stlth  ..........               n - ring of resist corrosion
                                i - ring of see invisible

@:
A: no striking features
a: no special abilities


You were on level 2 of the Dungeon.
You were not hungry.

You visited 1 branch of the dungeon, and saw 2 of its levels.

You collected 34 gold pieces.

Inventory:

Hand Weapons
 a - a +0 war axe (weapon)
Armour
 b - a +0 scale mail (worn)
 c - a +0 shield (worn)
 s - a +0 cloak (worn)
 t - a +0 pair of gloves (worn)
Jewellery
 i - a ring of see invisible (left hand)
 n - a ring of resist corrosion (right hand)
 p - a +2 ring of intelligence
Wands
 o - a wand of slowing (27/48)
 v - a wand of confusion (21/48)
Scrolls
 e - a scroll of random uselessness {unknown}
 g - a scroll of remove curse {unknown}
 j - a scroll of fog {unknown}
 k - 2 scrolls of identify {unknown}
 w - a scroll of blinking {unknown}
 y - a scroll of amnesia {unknown}
Potions
 d - a potion of might
 h - a potion of brilliance {unknown}
 m - a potion of haste {unknown}
 r - a potion of curing {unknown}
 u - a potion of ambrosia {unknown}
 x - a potion of resistance {unknown}
Comestibles
 f - 2 bread rations
 l - a meat ration
 q - a royal jelly


   Skills:
 - Level 3.6 Fighting
 * Level 6.3 Axes
 - Level 3.2 Armour
 - Level 3.2 Shields


You had 3 spell levels left.
You didn't know any spells.

Dungeon Overview and Level Annotations

Branches:
Dungeon (2/15)

Altars:
The Shining One


Message History

The hobgoblin hits you but does no damage.
You barely miss the gnoll.
The gnoll is severely wounded.
You hit the hobgoblin.
The gnoll hits you from afar with a halberd!
The gnoll hits you with a halberd. You block the hobgoblin's attack.
You block the gnoll's attack.
You slash the gnoll!
You kill the gnoll!
You closely miss the hobgoblin. You block the hobgoblin's attack.
The gnoll hits you from afar with a halberd!
* * * LOW HITPOINT WARNING * * *
You see here a halberd.
You hit the gnoll but do no damage. You closely miss the hobgoblin.
You block the gnoll's attack. The hobgoblin closely misses you.
The gnoll barely misses you.
You barely miss the gnoll. You hit the hobgoblin.
You kill the hobgoblin!
The gnoll hits you with a halberd.
You die...

#. #### #. #...
#.###############...
#####.#.................
.........############...
......$..# #...
...<.....# #...
......)).# #...
.......@.# #...
.......g.# #...
.........# ####
.........# ###.###.## #.
#.# # #.# #.#


You could see a gnoll.

Vanquished Creatures
  3 gnolls (D:2)
  An adder (D:2)
  2 oozes (D:1)
  2 dart slugs
  7 bats
  2 giant cockroaches (D:1)
  7 goblins
  7 hobgoblins
  4 kobolds
  2 quokkas (D:2)
  A giant newt (D:1)
  8 rats
46 creatures vanquished.

Notes
Turn   | Place    | Note
-------+----------+-------------------------------------------
     0 | D:1      | Jmtri7 the Hill Orc Fighter began the quest for the Orb.
     0 | D:1      | Reached XP level 1. HP: 19/19 MP: 1/1
    49 | D:1      | Reached skill level 3 in Axes
    52 | D:1      | Reached XP level 2. HP: 23/26 MP: 2/2
   223 | D:1      | Reached skill level 4 in Axes
   555 | D:1      | Reached XP level 3. HP: 31/31 MP: 3/3
   941 | D:2      | Reached skill level 5 in Axes
  1111 | D:2      | Found a glowing golden altar of the Shining One.
  1181 | D:2      | Reached XP level 4. HP: 39/39 MP: 4/4
  1511 | D:2      | Reached skill level 6 in Axes
  1520 | D:2      | Slain by a gnoll

Vault maps used:
D:1:      dpeg_arrival_shrine
D:2:      nicolae_tso_carved_into_rock, kennysheep_generic_room_4

Skill      XL: |  1  2  3  4 |
---------------+-------------+-----
Axes           | 3 4 5 6 |  6.3
Fighting       | |  3.6
Armour         | |  3.2
Shields        | |  3.2

Action                   |  1- 3 |  4- 6 || total
-------------------------+-------+-------++-------
Melee: War axe           |    91 |    27 ||   118
  Eat: Chunk             |     1 |     1 ||     2
Armor: Scale mail        |    43 |     8 ||    51
Dodge: Dodged            |    28 |    13 ||    41
Block: Shield            |    61 |    16 ||    77
